woodfighter, chaotic female orcish Cavewoman ------- |..%..| |.[*...# #-.....|% #|....`|# #------ # # ### # # # ### # # ----- -------# ###|.... |.....|# #.I^I| |.(%..|# |..I. |<^....# |...| +.....| |...| ------- ----- woodfighter the Young Cave Woman Experience level: 6 Strength: 18/03 Dexterity: 13 Constitution: 16 Intelligence: 11 Wisdom: 8 Charisma: 6 Health: 0(60) Energy: 16(16) Def: 3 Gold: 480 Moves: 2573 Dungeon seed: YZjyuxjhTMNFm4bM Game ID: woodfighter_1500854556 Your Inventory: Coins $ - 480 gold pieces Weapons a - a +0 spear (weapon in hand) b - a +2 sling (alternate weapon; not wielded) A - a +1 club Armor n - an uncursed +0 large shield (being worn) q - an uncursed +0 leather armor (being worn) r - a cursed -1 pair of gauntlets of fumbling Comestibles c - 4 uncursed food rations K - an uncursed tin of wolf meat Scrolls h - 2 uncursed scrolls of identify j - an uncursed scroll of teleportation l - an uncursed scroll of charging p - an uncursed scroll of enchant weapon s - an uncursed scroll of destroy armor t - an uncursed scroll of scare monster G - an uncursed scroll of taming L - an uncursed scroll of create monster Spellbooks H - an uncursed spellbook of detect food Potions v - an uncursed potion of extra healing z - a cursed potion of restore ability B - an uncursed potion of healing C - 2 uncursed potions of hallucination D - a cursed potion of hallucination E - an uncursed potion of gain energy I - a blessed potion of restore ability J - an uncursed potion of oil Rings i - an uncursed ring of protection from shape changers w - a cursed -1 ring of adornment Tools u - an uncursed skeleton key Gems e - 7 uncursed flints (in quiver) Spells and supernatural/magical abilities: Name Level Category Fail Memory W - pray for help -- divine ? -- Your skills at the end: Miscellaneous Skills bare handed combat [Basic] Weapon Skills scimitar [Basic] club [Basic] spear [Basic] sling [Basic] Spellcasting Skills Final Attributes: You were piously aligned. You were poison resistant. You were blinded. You had infravision. You were somewhat stealthy. You are dead. Vanquished creatures: a large mimic a giant spider a dog a violet fungus a gray ooze 2 iguanas a centipede a jitterbug a giant bat 3 orc zombies 4 killer bees a gas spore 2 hobbits an acid blob 2 geckos 2 giant rats 5 cave spiders a brown mold a yellow mold 3 jackals a kobold 3 newts 2 sewer rats 5 grid bugs 3 lichens 49 creatures vanquished. Voluntary challenges: You did not cause conflict. You were not invisible. You did not have reflection. You were not displaced. You used a wielded weapon 77 times, starting on turn 7. You did not apply a unicorn horn. You did not use plumbed fixtures. You did not drink any magical draughts. You were illiterate. You never genocided any monsters. You never polymorphed an object. You never changed form. You used no wishes. You never split a pudding. You never wrote Elbereth's name. You never violated your personal moral code. Dungeon overview: The Dungeons of Doom: levels 1 to 7 Level 1 an altar to Ishtar, some fountains a long staircase Level 2 (locked) a fountain, a sink Level 3 some fountains stairs to The Gnomish Mines Level 4 (locked) a general store, some fountains Level 5 an altar to Ishtar Level 6 many fountains Level 7 <- You were here The Gnomish Mines: Level 4 stairs to The Dungeons of Doom History has recorded: On T:1 you entered the Dungeons of Doom to retrieve the Amulet of Yendor! On T:50 you reached level 2 of The Dungeons of Doom. On T:407 you reached level 3 of The Dungeons of Doom. On T:825 you advanced to experience level 2. On T:961 you reached level 4 of The Dungeons of Doom. On T:1057 you reached level 1 of The Gnomish Mines. On T:1231 you advanced to experience level 3. On T:1234 you advanced to experience level 4. On T:1338 you reached level 5 of The Dungeons of Doom. On T:1558 you reached level 6 of The Dungeons of Doom. On T:1967 you reached level 7 of The Dungeons of Doom. On T:1989 you advanced to experience level 5. On T:2401 you advanced to experience level 6. On T:2505 you prayed to Anshar. Score breakdown: Gold: 480 ( 48 points) Experience: 6 levels ( 500 points) Exploration: 7 levels ( 180 points) Discoveries: 18 items ( 900 points) Variety of kills: 25 monsters ( 1250 points) Major goal: (nothing yet) ( 0 points) Survival: died (score multiplied by 3) Total score: 8634 Latest messages: Something pecks! (2x) You jab something. Something pecks! (2x) Something bites! Something pecks! You jab something. Something pecks! You attack thin air. Something bites! Something pecks! You jab something. Something pecks! Something bites! Something pecks! You jab something. Something pecks! (2x) Something bites! Something pecks! You are now more skilled in spear. You feel you could be more dangerous! Something scratches you! You jab something. Something scratches you! You die... Final status: Goodbye woodfighter the Cavewoman, killed by a human zombie... You died in The Dungeons of Doom on dungeon level 7 with 8634 points, and 480 pieces of gold, after 2573 moves. You were level 6 with a maximum of 60 hit points when you died.